[Event "Late-Titled-Tuesday-Blitz-January-16-2024"]
[Site "Chess.com"]
[Date "2024.01.16"]
[Round "1"]
[White "Navyblue1"]
[Black "HaryKane"]
[Result "0-1"]
[WhiteElo "2183"]
[BlackElo "2572"]
[TimeControl "180+1"]
[EndTime "14:07:33 PST"]
[Termination "HaryKane won on time"]

1. d4 e6 2. c4 d5 3. Nf3 f5 4.
Nc3 Nf6 5. cxd5 exd5 6. g3 c6 7. Bg2 Bd6 8. O-O O-O 9. Qc2 Ne4 10. Nd2 Qf6 11. e3 Re8 12. Ndxe4 fxe4 13. f3 exf3 14.
Rxf3 Qe7 15. Bd2 Bg4 16. Rf2 Nd7 17. Qb3 Nb6 18. e4 Kh8 19. exd5 cxd5 20. Nxd5 Nxd5 21. Qxd5 Qd8 22. Qxb7 Rb8 23. Qd5 Be6 24. Qf3 Rxb2 25.
d5 Bg8 26. Qc3 Be5 27. Qc4 Rxd2 28. Rxd2 Bxa1 29. h3 Be5 30. Kh2 Qd6 31. Qd3 Rc8 32. a4 Rc3 33. Qe4 Rxg3 34. Kh1 Rc3 35. Rd1 Bf6 36.
Re1 h6 37. Qe8 Rg3 38. Qc6 Qf4 39. d6 Qf2 40. Rg1 Bd4 41. Qc1 Be5 42. Qf1 Rxh3+ 0-1

[Event "Late-Titled-Tuesday-Blitz-January-16-2024"]
[Site "Chess.com"]
[Date "2024.01.16"]
[Round "1"]
[White "vidavi"]
[Black "FelixBlohberger"]
[Result "1-0"]
[WhiteElo "2473"]
[BlackElo "2805"]
[TimeControl "180+1"]
[EndTime "14:07:34 PST"]
[Termination "vidavi won on time"]

1. Nf3 g6 2. d4 Bg7 3. c4 d6 4.
Nc3 Nf6 5. e4 O-O 6. Be2 e5 7. O-O Na6 8. d5 Nc5 9. Nd2 a5 10. b3 Bh6 11. Qc2 Bd7 12. a3 Nh5 13.
Bxh5 gxh5 14. Nf3 Bxc1 15. Raxc1 f5 16. b4 axb4 17. axb4 fxe4 18. Nxe4 Nxe4 19. Qxe4 Bf5 20. Qe3 Bg6 21. h4 Rf4 22. g3 Re4 23. Qd2 Qf6 24.
Ng5 Rd4 25. Qe2 Bd3 26. Qxh5 h6 27. Ne6 Rxc4 28. Rxc4 Bxc4 29. Qg4+ Kh8 30. Qxc4 c6 31. dxc6 bxc6 32. Nc7 Rc8 33. Qxc6 Qe7 34. Rc1 Qg7 35.
b5 e4 36. Qxe4 Rxc7 37. Qe8+ Kh7 38. Rxc7 Qxc7 39. Qc6 Qa5 40. b6 Qe1+ 41. Kg2 Qb4 42. b7 Kg6 43. Qe8+ Kg7 44. b8=Q 1-0

[Event "Late-Titled-Tuesday-Blitz-January-16-2024"]
[Site "Chess.com"]
[Date "2024.01.16"]
[Round "1"]
[White "BozeKat"]
[Black "Macron20hTF1"]
[Result "0-1"]
[WhiteElo "2106"]
[BlackElo "2556"]
[TimeControl "180+1"]
[EndTime "14:07:34 PST"]
[Termination "Macron20hTF1 won on time"]

1. d4 g6 2. Nc3 Bg7 3. e4 d6 4. Be3 a6 5. f3 b5 6. Qd2 Nd7 7.
Nge2 Bb7 8. g4 c5 9. Ng3 b4 10. Nd1 cxd4 11. Bxd4 Ne5 12. Be2 Nf6 13. Qxb4 Rb8 14. Qa3 O-O 15. Nf2 Nc6 16. Bc3 Nd7 17. Bxg7 Kxg7 18. h4 Qa5+ 19. Qxa5 Nxa5 20. b3 Rfc8 21. c4 Nc6 22. Rd1 a5 23. h5 Nc5 24.
Nd3 Ne6 25. h6+ Kf8 26. Kf2 Ba6 27. Nb2 Nb4 28. a3 Nc2 29. Rd3 Ncd4 30. Bd1 Nc6 31. Ke3 Ne5 32. Rd5 Nc5 33. f4 Nc6 34. f5 Nxb3 35.
fxg6 fxg6 36. Rf1+ Ke8 37. Ne2 Nc5 38. Nd4 Rxb2 39.
Nxc6 Rxc6 40. Rxc5 Rxc5 41. Ba4+ Kd8 42. Rf8+ Kc7 43. Rf7 Re5 44. Rxh7 Rh2 45. Rh8 Bxc4 46. h7 Be6 47. Bb5 Bxg4 48. Ba6 Be6 49. Kd4 Reh5 50. a4 Rxh7 51. Rf8 Rf7 52. Ra8 Kb6 53. Bb5 Rd2+ 54. Ke3 Rc2 55. Ra6+ Kc5 56. Ra7 Kb4 57. Rb7 Ka3 58.
Bd3 Rc3 59. Kd2 Rb3 60. Ra7 Rf2+ 61. Ke1 Rfb2 0-1

[Event "Late-Titled-Tuesday-Blitz-January-16-2024"]
[Site "Chess.com"]
[Date "2024.01.16"]
[Round "1"]
[White "Balla_Tamas"]
[Black "LikeWater"]
[Result "1-0"]
[WhiteElo "2461"]
[BlackElo "2794"]
[TimeControl "180+1"]
[EndTime "14:07:35 PST"]
[Termination "Balla_Tamas won by resignation"]

1. e4 e6 2. d4 d5 3. Nd2 c5 4. exd5 exd5 5. Ngf3 Nf6 6. Bb5+ Nc6 7.
O-O Be7 8. dxc5 Bxc5 9. Nb3 Bd6 10. Nbd4 O-O 11. h3 Qc7 12. Bd3 a6 13. Bg5 Ne4 14. c3 Nxd4 15. cxd4 Bf5 16. Rc1 Qd7 17. Be3 Rfe8 18.
Qe2 Bxh3 19. gxh3 Qxh3 20. Ne5 Bxe5 21. dxe5 Re6 22. Bxe4 dxe4 23. Bf4 Rg6+ 24. Bg3 Qf5 25. Rfe1 Rg4 26. Rc4 h5 27. Rxe4 Rc8 28. Rxg4 hxg4 29. Qe4 Qe6 30. Qxb7 Rc4 31. Rd1 g5 32. Qd5 Rc2 33.
Qxe6 fxe6 34. Rd6 Rxb2 35. Rxa6 Kf7 36. Kg2 Rc2 37. a4 Ra2 38. Ra7+ Kg6 39. a5 Kf5 40. Rf7+ Ke4 41. Rg7 Kf5 42. Rf7+ Ke4 43. Rf6 Rxa5 44.
Rxe6 Ra4 45. Rf6 Kd5 46. e6 Ra7 47. Rf7 Ra8 48. e7 Ke6 49. Rf8 1-0

[Event "Late-Titled-Tuesday-Blitz-January-16-2024"]
[Site "Chess.com"]
[Date "2024.01.16"]
[Round "1"]
[White "mishanick"]
[Black "masnyszachistaaa"]
[Result "1-0"]
[WhiteElo "3079"]
[BlackElo "2523"]
[TimeControl "180+1"]
[EndTime "14:07:36 PST"]
[Termination "mishanick won by resignation"]

1. d4 Nf6 2. c4 c6 3. Nc3 d5 4.
Nf3 e6 5. Bg5 Nbd7 6. e3 Qa5 7.
Nd2 dxc4 8. Bxf6 Nxf6 9. Nxc4 Qc7 10. Rc1 Be7 11. g3 O-O 12. Bg2 Nd5 13. O-O Nxc3 14. Rxc3 Rd8 15. Qc2 Bf6 16. f4 Qe7 17. Ne5 Bd7 18.
Rc1 Be8 19. a3 a5 20. Be4 g6 21. Kg2 Bxe5 22. fxe5 f6 23. exf6 Qxf6 24. Rf1 Qe7 25. Rc5 Bf7 26. h4 Rf8 27. h5 Kg7 28. Qe2 gxh5 29.
Bf3 Bg6 30. Re5 Rae8 31. Rh1 Rf5 32. Bxh5 Rxe5 33. dxe5 Qg5 34. Bxg6 hxg6 35. Rd1 Re7 36. e4 Qxe5 37. Rh1 Rd7 38. Rf1 Rd4 39. Rf4 Qd6 40.
Qf3 Rd2+ 41. Kh3 Qe7 42. e5 Rd5 43. Qe3 Qc7 44. Rh4 Qxe5 45. Qh6+ Kf7 46. Rf4+ Qxf4 47. Qxf4+ Ke7 48. Qc7+ Rd7 49. Qxa5 Kf7 50. Qb4 Kf6 51. a4 Kf7 52. Qc5 Kf6 53. Qf8+ Ke5 54. Qf4+ Kd5 55. Qd2+ 1-0

[Event "Late-Titled-Tuesday-Blitz-January-16-2024"]
[Site "Chess.com"]
[Date "2024.01.16"]
[Round "1"]
[White "Jarrahi2452"]
[Black "AlexLongson"]
[Result "1-0"]
[WhiteElo "2620"]
[BlackElo "2266"]
[TimeControl "180+1"]
[EndTime "14:07:36 PST"]
[Termination "Jarrahi2452 won on time"]

1. d4 d5 2. Bf4 Nf6 3. e3 c5 4. c3 Nc6 5. Nd2 cxd4 6. exd4 Bf5 7. Qb3 Qb6 8. Qxb6 axb6 9. Ngf3 e6 10. Bb5 Nd7 11. O-O Be7 12. Rfe1 h6 13. Ne5 Ndxe5 14. Bxe5 O-O 15. Bc7 Bd8 16. Bd6 Re8 17. Nf3 Be7 18. Bg3 Rec8 19. a4 Na7 20. Bf1 Nc6 21. Ne5 Nxe5 22.
Bxe5 Kf8 23. f3 Bc2 24. Bb5 Bb3 25. Kf2 Bc4 26. Ke3 Ra5 27. b4 Raa8 28. Kd2 Bg5+ 29. Kc2 Be7 30. Kb2 Ra7 31. Bxc4 Rxc4 32. Ra3 Ra8 33.
a5 b5 34. g4 Ra6 35. Bg3 Rac6 36. Re3 Ra6 37. h4 g6 38. f4 Kg7 39. f5 gxf5 40.
gxf5 Bf6 41. Ra1 exf5 42. Rg1 Kf8 43. Rf1 Re6 44. Ref3 Re2+ 45. Kb3 Bxd4 46. cxd4 Rcc2 47. Rb1 Rcd2 48. Be5 Ke7 49. Bf4 1-0

[Event "Late-Titled-Tuesday-Blitz-January-16-2024"]
[Site "Chess.com"]
[Date "2024.01.16"]
[Round "1"]
[White "Rdeux42"]
[Black "TigrVShlyape"]
[Result "0-1"]
[WhiteElo "2503"]
[BlackElo "2943"]
[TimeControl "180+1"]
[EndTime "14:07:39 PST"]
[Termination "TigrVShlyape won by checkmate"]

1. d4 f5 2. Nf3 Nf6 3. g3 g6 4. Bg2 Bg7 5. O-O d6 6. b3 O-O 7. Bb2 c6 8. c4 a5 9. Nc3 Na6 10. Re1 Ne4 11. Qc2 d5 12. cxd5 cxd5 13. Rac1 Be6 14. Qb1 Rc8 15. e3 Nb4 16. a3 Nc6 17. h4 h6 18. Nxe4 fxe4 19. Ne5 Nxe5 20. dxe5 Bg4 21.
e6 Bxe6 22. Bxg7 Kxg7 23. Qb2+ Kh7 24. Qe5 Qd7 25. h5 Rf5 26. hxg6+ Kxg6 27. Qd4 Rcf8 28.
Rc2 Qd6 29. b4 axb4 30. axb4 R5f6 31. Rd1 Bg4 32. Rdc1 Bf3 33. Rc5 Bxg2 34. Rxd5 Qe6 35. Kxg2 Rxf2+ 36. Kg1 Qg4 37. Qe5 R2f3 38. Kg2 Rxe3 39.
Rc2 Qf3+ 40. Kh2 Re2+ 41. Rxe2 Qxe2+ 42. Kh3 Qf1+ 43. Kg4 Qf3+ 44. Kh3 Rf6 45. Rd4 Qh1+ 46. Kg4 h5+ 47. Qxh5+ Qxh5# 0-1

[Event "Late-Titled-Tuesday-Blitz-January-16-2024"]
[Site "Chess.com"]
[Date "2024.01.16"]
[Round "1"]
[White "Mops_2004"]
[Black "mistrzemi"]
[Result "0-1"]
[WhiteElo "2687"]
[BlackElo "2406"]
[TimeControl "180+1"]
[EndTime "14:07:39 PST"]
[Termination "mistrzemi won by resignation"]

1. Nf3 Nf6 2. c4 e6 3. Nc3 d5 4. e3 a6 5. b3 c5 6. Bb2 Nc6 7. cxd5 exd5 8. d4 Bg4 9. dxc5 Bxc5 10. Be2 O-O 11. O-O Re8 12. Rc1 Ba7 13. h3 Bh5 14.
Nh4 Bxe2 15. Nxe2 d4 16. Nxd4 Nxd4 17. Bxd4 Bxd4 18. exd4 Nd5 19. Nf3 Nf4 20. Re1 Rxe1+ 21. Nxe1 Qg5 22. Kf1 Re8 23. Rc2 h5 24. Qf3 Qe7 25.
Rc1 Ne2 26. Rd1 Nxd4 27. Qd3 Nc6 28. Nf3 Rd8 29. Qe2 Rxd1+ 30. Qxd1 g6 31. g3 Qe6 32. Kg2 Qe4 33. Kg1 Nb4 34. a3 Nd3 35. Kf1 f6 36. b4 Kf7 37. Kg1 g5 38. Nd2 Qg6 39. Qb3+ Kg7 40.
Qe6 Ne5 41. Kg2 Qd3 42. Qe7+ Kg6 43. Qe8+ Kg7 44. Qe7+ Nf7 45. Qe3 Qd5+ 46. Kg1 Ne5 47. f4 Qxd2 0-1

[Event "Late-Titled-Tuesday-Blitz-January-16-2024"]
[Site "Chess.com"]
[Date "2024.01.16"]
[Round "1"]
[White "Langua_Chess"]
[Black "RobertoJBM"]
[Result "1-0"]
[WhiteElo "2463"]
[BlackElo "2789"]
[TimeControl "180+1"]
[EndTime "14:07:40 PST"]
[Termination "Langua_Chess won by resignation"]

1. e4 c6 2. Nf3 d5 3. Nc3 dxe4 4. Nxe4 Bg4 5. Be2 e6 6. O-O Nd7 7. h3 Bh5 8. d4 Ngf6 9. Ng3 Bg6 10. c4 Bd6 11.
Be3 O-O 12. Qd2 Re8 13. b3 Qc7 14. Nh1 Rad8 15. Rfd1 c5 16. Qe1 a6 17. Ng3 cxd4 18. Nxd4 Ne5 19. Nf1 Bc5 20. Nf3 Ned7 21. Qc3 Bf8 22.
Nh4 Be4 23. Nd2 Bc6 24. Nhf3 g6 25. Nd4 Bg7 26. Nxc6 Qxc6 27. Bf3 Qc7 28. Qb4 b6 29. Rac1 Rb8 30. Ne4 Ne5 31. Nxf6+ Bxf6 32. Be2 Be7 33. Qc3 Nd7 34. Bh6 Bf8 35. Bxf8 Rxf8 36. c5 bxc5 37. Bxa6 Rb6 38. Be2 Rc8 39. Rd2 Nf8 40. Rdc2 Qa7 41. Qe3 Nd7 42. Bf3 Rc7 43. h4 h5 44. g3 Rd6 45.
Be2 Qb6 46. Rd2 Rxd2 47. Qxd2 Kg7 48. Qc3+ Nf6 49. b4 Qa7 50. a3 e5 51. Qxe5 Re7 52.
Qb2 cxb4 53. axb4 Qb6 54. Bf3 Re5 55. Qxe5 1-0

[Event "Late-Titled-Tuesday-Blitz-January-16-2024"]
[Site "Chess.com"]
[Date "2024.01.16"]
[Round "1"]
[White "agvega14"]
[Black "ninguno46"]
[Result "0-1"]
[WhiteElo "2134"]
[BlackElo "2558"]
[TimeControl "180+1"]
[EndTime "14:07:40 PST"]
[Termination "ninguno46 won on time"]

1. e4 c5 2. Nf3 e6 3. c3 Nf6 4. Bd3 b6 5. O-O Ba6 6. Bxa6 Nxa6 7. d4 Nxe4 8. Qe2 Nxc3 9. bxc3 Nc7 10. Rd1 Be7 11.
Nbd2 Nd5 12. Bb2 cxd4 13. cxd4 O-O 14. Nc4 b5 15. Nce5 Rb8 16. Rac1 a5 17. g3 Rb7 18. Qe4 f5 19. Qe2 Qe8 20. Nd2 Bg5 21. f4 Bh6 22.
Nb3 a4 23. Nc5 Ra7 24. Qxb5 a3 25. Ba1 Ne7 26. Qb6 Qa8 27. Ncxd7 Ra6 28. Qb3 Rd8 29. Nc5 Rb8 30. Qc4 Rab6 31. Nxe6 Rb4 32. Qc3 Nd5 33. Qd3 Rb2 34. Rd2 Qb7 35. Nc5 Qb4 36. Bxb2 axb2 37. Rb1 Qa5 38. Rdxb2 Rxb2 39. Rxb2 Qe1+ 40.
Qf1 Qe3+ 41. Qf2 Qc1+ 42. Kg2 Ne3+ 43. Kf3 g5 44. Rb8+ Kg7 45. Ne6+ Kf6 46. fxg5+ Bxg5 47. Nxg5 Nd1 48. Rf8+ Kg7 49. Rf7+ Kh6 50. Rxh7+ Kxg5 51. h4+ Kf6 52. Rh6+ Kg7 53. Rg6+ Kh7 54. Qe2 Qc3+ 0-1

[Event "Late-Titled-Tuesday-Blitz-January-16-2024"]
[Site "Chess.com"]
[Date "2024.01.16"]
[Round "1"]
[White "tptagain"]
[Black "santosalberto1987"]
[Result "1-0"]
[WhiteElo "2963"]
[BlackElo "2507"]
[TimeControl "180+1"]
[EndTime "14:07:42 PST"]
[Termination "tptagain won on time"]

1. Nf3 d5 2. d4 Nf6 3. e3 Bf5 4. c4 c6 5. Nc3 e6 6. Nh4 Bg4 7. f3 Bh5 8. Qb3 Qb6 9. g4 Bg6 10.
Bd2 Nbd7 11. g5 Ng8 12. Qxb6 axb6 13. e4 dxe4 14. fxe4 Bd6 15. Be2 Ne7 16. O-O O-O 17. Kg2 e5 18. d5 Nc5 19. Nxg6 Nxg6 20. Rad1 cxd5 21. exd5 Nf4+ 22. Bxf4 exf4 23. b4 Na4 24. Nb5 Bxb4 25. Rxf4 Nc3 26. Nxc3 Bxc3 27. d6 Rxa2 28. Rf2 Rd8 29. Bf3 Rxf2+ 30. Kxf2 Be5 31. d7 Bxh2 32.
Bxb7 f6 33. gxf6 gxf6 34. Bc6 Kf7 35. Re1 Be5 36. Rh1 Kg7 37. Kf3 Kg6 38. Ke4 h5 39. Rg1+ Kf7 40. Kf5 h4 41. Rg6 Ke7 42.
Rh6 Bg3 43. Bb5 Kd6 44. Rxf6+ Kc7 45. Rh6 Bf2 46. Ke6 Bg3 47. Ke7 Bf2 48. Rc6+ 1-0

[Event "Late-Titled-Tuesday-Blitz-January-16-2024"]
[Site "Chess.com"]
[Date "2024.01.16"]
[Round "1"]
[White "MusicCityMaster"]
[Black "GMKrikor"]
[Result "1/2-1/2"]
[WhiteElo "2410"]
[BlackElo "2716"]
[TimeControl "180+1"]
[EndTime "14:07:42 PST"]
[Termination "Game drawn by repetition"]

1. d4 Nf6 2. c4 g6 3. Nc3 d5 4. Bf4 Bg7 5. Rc1 dxc4 6. e3 Be6 7. Nf3 O-O 8. Ng5 Bd5 9. e4 h6 10. exd5 hxg5 11. Bxg5 Nxd5 12. Bxc4 Nb6 13. Bb3 Nc6 14. d5 Nd4 15. O-O Re8 16. Re1 Qd7 17. h4 Rad8 18. h5 gxh5 19. Qxh5 Qf5 20. Qh4 Rd6 21. Ne4 Rg6 22. f4 Nxb3 23. axb3 f6 24. Ng3 fxg5 25. Qh5 Qf7 26. f5 Rh6 27. Qxg5 Nxd5 28. Rcd1 c6 29. Re4 Qf6 30. Qg4 Qf7 31. Rde1 Nf6 32. Qf3 Nxe4 33.
Nxe4 Bf6 34. g4 Bd4+ 35. Kg2 Qh7 36. Qg3 Qg7 37. g5 Rh8 38. f6 Qg6 39. Qg4 e6 40. Rf1 Rf8 41. Nd6 e5 42. f7+ Rxf7 43. Nxf7 Qc2+ 44.
Kf3 Qd3+ 45. Kg2 Qd2+ 46. Kf3 Qe3+ 47. Kg2 Qd2+ 48. Kf3 Qd3+ 49. Kg2 Qd2+ 1/2-1/2

[Event "Late-Titled-Tuesday-Blitz-January-16-2024"]
[Site "Chess.com"]
[Date "2024.01.16"]
[Round "1"]
[White "Arteler"]
[Black "Bauman_Guy"]
[Result "0-1"]
[WhiteElo "2491"]
[BlackElo "2905"]
[TimeControl "180+1"]
[EndTime "14:07:45 PST"]
[Termination "Bauman_Guy won by resignation"]

1. e4 c5 2. Nf3 d6 3. Bb5+ Nd7 4. O-O a6 5. Bxd7+ Qxd7 6. d4 cxd4 7. Qxd4 e5 8. Qd3 Qc6 9. Nc3 Be6 10. Rd1 Rc8 11.
h3 h6 12. Nd2 Nf6 13. Nf1 b5 14. a3 Be7 15. Ne3 O-O 16. Bd2 Rfd8 17. Ned5 Bxd5 18. exd5 Qc4 19. Qg3 Kf8 20. Be3 Ne4 21. Nxe4 Qxe4 22. c3 Bh4 23. Qg4 Qxg4 24. hxg4 Bg5 25. Bb6 Rd7 26. a4 Rb7 27. Ba5 Bd8 28. Bb4 Ke7 29.
axb5 axb5 30. Ra6 Bb6 31. Kf1 Bc5 32. Rc6 Rxc6 33. dxc6 Rc7 34. Bxc5 dxc5 35. Rd5 Rxc6 36. Rxe5+ Kd6 37. Re8 Ra6 38. Rb8 Kc6 39. Rc8+ Kd5 40.
b4 cxb4 41. cxb4 Rc6 42. Rxc6 Kxc6 43. Ke2 Kd5 44. Kd3 g6 45. f3 Ke5 46. Ke3 f6 47. g3 f5 48. gxf5 gxf5 49. Kd3 h5 50. Kc3 f4 0-1

[Event "Late-Titled-Tuesday-Blitz-January-16-2024"]
[Site "Chess.com"]
[Date "2024.01.16"]
[Round "1"]
[White "Maitreia"]
[Black "FREZZY23"]
[Result "1-0"]
[WhiteElo "2726"]
[BlackElo "2402"]
[TimeControl "180+1"]
[EndTime "14:07:45 PST"]
[Termination "Maitreia won by resignation"]

1. c4 Nf6 2. Nc3 g6 3. g3 Bg7 4. Bg2 O-O 5. Nf3 d6 6. O-O Nc6 7. Rb1 e5 8. b4 Be6 9. b5 Ne7 10. d3 h6 11. Bb2 Nd7 12. Nd2 f5 13. Bxb7 f4 14. Bxa8 Qxa8 15. Nde4 Bh3 16. Re1 Nf5 17. Nd5 Nf6 18. Nxc7 Qb7 19. Nxf6+ Bxf6 20. Nd5 Ne7 21. Qb3 Nxd5 22. cxd5 fxg3 23. hxg3 Bg5 24. Bc1 Qb6 25. e3 Qd8 26. Qd1 Qf6 27. Qe2 h5 28. f4 Bh6 29.
Bb2 Bg4 30. Qg2 Qf7 31. Rf1 exf4 32. gxf4 Qd7 33. a4 Kh7 34. Qg3 Be2 35. Rbd1 Bxd1 36. Rxd1 Qf5 37. Qf3 g5 38. Qe4 gxf4 39. exf4 Bxf4 40.
Kg2 Kh6 41. Qxf5 Rxf5 42. Rf1 Kg5 43. Bd4 Rxd5 44. Bxa7 Rxd3 45. a5 Ra3 46. a6 d5 47. Bc5 Rb3 48. b6 Rb5 49. a7 Ra5 50.
Re1 Kg4 51. b7 Ra2+ 52. Bf2 Bg3 53. Rf1 h4 54. b8=Q h3+ 55. Kg1 h2+ 56. Kg2 Bxf2 57. Rxf2 Rxf2+ 58. Kh1 Kh3 59. Qh8+ Kg3 60. Qg7+ Kh3 61.
Qh6+ Kg3 62. Qg5+ Kh3 63. Qh5+ Kg3 64. Qg5+ Kh3 65. Qh6+ Kg3 66. Qg7+ Kh3 67. Qh7+ Kg3 68. Qg8+ Kh3 69. Qh8+ Kg3 70. Qc3+ Kg4 71. Qd4+ Kg3 72.
Qxf2+ Kxf2 73. a8=Q d4 74. Qd5 d3 75. Qxd3 1-0

[Event "Late-Titled-Tuesday-Blitz-January-16-2024"]
[Site "Chess.com"]
[Date "2024.01.16"]
[Round "1"]
[White "Viktor_Poddubnyi"]
[Black "GulamaliRises"]
[Result "0-1"]
[WhiteElo "2263"]
[BlackElo "2613"]
[TimeControl "180+1"]
[EndTime "14:07:45 PST"]
[Termination "GulamaliRises won on time"]

1. e4 c5 2. Nf3 e6 3. g3 b6 4. Bg2 Bb7 5. d3 g6 6. O-O Bg7 7. Re1 d6 8. d4 cxd4 9. Nxd4 a6 10.
c4 Ne7 11. Nc3 O-O 12. Be3 Nd7 13. Rc1 Rc8 14. b3 Qc7 15. Qd2 Qb8 16. Red1 Rfd8 17. Nde2 d5 18. exd5 exd5 19. Nxd5 Nxd5 20. cxd5 Nc5 21.
Bf4 Qa8 22. Nc3 Rd7 23. Bh3 f5 24. d6 Bf3 25. Re1 Rcd8 26. Na4 Nxa4 27. bxa4 Qd5 28. Qb4 h6 29. Bf1 Qb7 30. Re7 g5 31. Rxd7 Qxd7 32.
Qb3+ Kh7 33. Qxf3 gxf4 34. Qxf4 Qxd6 35. Qxf5+ Kh8 36. Re1 Rf8 37. Qe4 Bd4 38. Re2 Qf6 39. Qb7 Bxf2+ 40. Kh1 Bxg3 41. Bg2 Qa1+ 0-1

[Event "Late-Titled-Tuesday-Blitz-January-16-2024"]
[Site "Chess.com"]
[Date "2024.01.16"]
[Round "1"]
[White "dmitrijiIM"]
[Black "Atousa"]
[Result "1-0"]
[WhiteElo "2888"]
[BlackElo "2477"]
[TimeControl "180+1"]
[EndTime "14:07:46 PST"]
[Termination "dmitrijiIM won on time"]

1. d4 Nf6 2. c4 e6 3. Nc3 Bb4 4. e3 O-O 5. Bd2 c5 6. a3 Bxc3 7. Bxc3 Ne4 8. Ne2 b6 9. d5 Ba6 10. f3 Nxc3 11. Nxc3 exd5 12. Qxd5 Nc6 13. O-O-O Qe7 14.
Re1 Qe6 15. b3 Rfd8 16. Bd3 Ne7 17. Qe4 g6 18. Qxe6 dxe6 19. Kc2 Bb7 20. Be4 Bc6 21.
Rd1 Kg7 22. b4 cxb4 23. axb4 f5 24. Bxc6 Nxc6 25. Kb3 Kf6 26. Rxd8 Rxd8 27. Rd1 Rxd1 28. Nxd1 g5 29. Ka4 Ke7 30. Kb5 Kd6 31. Nb2 a5 32.
c5+ bxc5 33. bxc5+ Kd5 34. Nc4 Na7+ 35. Kxa5 Kxc4 36. Kb6 Nc8+ 37. Kc6 e5 38. Kd7 Kxc5 39. Kxc8 Kc4 40. Kd7 Kd3 41. Ke6 e4 42. Kxf5 exf3 43.
gxf3 Kxe3 44. Kg4 h6 45. Kg3 Ke2 46. h3 Ke3 47. Kg4 Kf2 48. h4 1-0

[Event "Late-Titled-Tuesday-Blitz-January-16-2024"]
[Site "Chess.com"]
[Date "2024.01.16"]
[Round "1"]
[White "Byniolus"]
[Black "giomar27"]
[Result "1-0"]
[WhiteElo "2747"]
[BlackElo "2418"]
[TimeControl "180+1"]
[EndTime "14:07:46 PST"]
[Termination "Byniolus won by resignation"]

1. d4 g6 2. Nf3 Bg7 3. Bf4 d6 4. e3 b6 5. h3 Bb7 6. Be2 Nd7 7. Bh2 e6 8. a4 a6 9. O-O Ne7 10. c4 O-O 11. Nc3 h6 12. b4 f5 13.
Qb3 Kh8 14. c5 e5 15. cxd6 cxd6 16. Rac1 Nc6 17. dxe5 dxe5 18. Rfd1 Qe8 19. Nd5 Rc8 20. Qa3 e4 21. Nd2 Nd4 22. exd4 Bxd5 23. Nc4 Qe6 24. Ne5 Nxe5 25. Bxe5 Bxe5 26. dxe5 Qxe5 27. Bxa6 Rcd8 28. Qc3 Qxc3 29. Rxc3 f4 30. Bb5 Rf6 31.
Rdc1 Rfd6 32. Rc8 Kg7 33. Rxd8 Rxd8 34. a5 bxa5 35. bxa5 e3 36. fxe3 fxe3 37. Re1 Rb8 38. Bf1 Ra8 39. a6 Re8 40. Be2 Kf6 41. Rd1 Ke5 42.
a7 Bb7 43. Rb1 Ba8 44. Rb8 Bc6 45. Rxe8+ 1-0

[Event "Late-Titled-Tuesday-Blitz-January-16-2024"]
[Site "Chess.com"]
[Date "2024.01.16"]
[Round "1"]
[White "Bala-Afiada"]
[Black "MrChessSponge"]
[Result "0-1"]
[WhiteElo "2028"]
[BlackElo "2543"]
[TimeControl "180+1"]
[EndTime "14:07:47 PST"]
[Termination "MrChessSponge won by checkmate"]

1. d4 Nf6 2. c4 e6 3. g3 c5 4. d5 exd5 5. cxd5 d6 6. Nc3 g6 7.
Bg2 Bg7 8. Nf3 O-O 9. O-O Re8 10. Nd2 a6 11. a4 Nbd7 12. Nc4 Nb6 13. Qb3 Nxc4 14.
Qxc4 b5 15. Qh4 b4 16. Ne4 Nxe4 17. Qxd8 Rxd8 18. Bxe4 Bg4 19. f3 Re8 20. Bd3 Bd7 21.
e4 a5 22. Ra2 f5 23. Re1 fxe4 24. fxe4 Bd4+ 25. Be3 Be5 26. b3 Rf8 27. Rf2 Rxf2 28.
Bxf2 Rf8 29. Rf1 Bh3 30. Re1 Kg7 31. Bf1 Bg4 32. Be2 Bh3 33. Bf1 Bxf1 34. Rxf1 Rf3 35. Rb1 Rc3 36. Kg2 g5 37. h3 Kg6 38. g4 h5 39.
gxh5+ Kxh5 40. Be1 Re3 41. Bf2 Rxe4 42. Kf3 Rf4+ 43.
Ke2 g4 44. Be3 Rf3 45. hxg4+ Kxg4 46. Rg1+ Rg3 47. Rf1 Rg2+ 48. Kd3 Rb2 49. Kc4 Rc2+ 50. Kb5 Rc3 51. Rg1+ Kf3 52. Bd2 Rd3 53. Bc1 Rxd5 54. Rf1+ Ke2 55. Rf7 c4+ 56. Kxc4 Rc5# 0-1

[Event "Late-Titled-Tuesday-Blitz-January-16-2024"]
[Site "Chess.com"]
[Date "2024.01.16"]
[Round "1"]
[White "IranianCheetah"]
[Black "Ekko_li"]
[Result "0-1"]
[WhiteElo "2379"]
[BlackElo "2701"]
[TimeControl "180+1"]
[EndTime "14:07:51 PST"]
[Termination "Ekko_li won on time"]

1. e4 c5 2. Nf3 Nc6 3. d4 cxd4 4. Nxd4 g6 5. c4 Nf6 6. Nc3 Bg7 7. Be3 d6 8. Be2 O-O 9. O-O Bd7 10. Rc1 Nxd4 11.
Bxd4 Bc6 12. f3 Nd7 13. Be3 a5 14. b3 Nc5 15. Qd2 b6 16. Rc2 Qc7 17. Nb5 Bxb5 18. cxb5 Rac8 19. Rfc1 Qb7 20. Bc4 Rcd8 21. Bd5 Qb8 22. Bc6 Qc8 23. b4 axb4 24. Qxb4 f5 25. a4 fxe4 26. Bxe4 Qb8 27. Bc6 Kh8 28. Bd4 Bxd4+ 29.
Qxd4+ e5 30. Qc4 Rf4 31. Qe2 Rxa4 32. Rc4 Qa7 33. h4 Rf8 34. h5 gxh5 35. Qd2 Rxc4 36. Rxc4 Qg7 37. Qxd6 e4 38. Bxe4 Rg8 39. Rc2 Qa1+ 40.
Kh2 Qg7 41. Bd5 Rf8 42. Bc4 Nb7 43. Re2 Nxd6 0-1

[Event "Late-Titled-Tuesday-Blitz-January-16-2024"]
[Site "Chess.com"]
[Date "2024.01.16"]
[Round "1"]
[White "IamSchrodingersCat"]
[Black "Verony64"]
[Result "1-0"]
[WhiteElo "2567"]
[BlackElo "2162"]
[TimeControl "180+1"]
[EndTime "14:07:51 PST"]
[Termination "IamSchrodingersCat won by resignation"]

1. e4 e5 2. Nf3 d6 3. d4 Nd7 4. Nc3 c6 5. Bc4 Be7 6. O-O Ngf6 7. Re1 O-O 8. a4 Qc7 9. Ba2 b6 10. Nh4 g6 11. Nf3 Nh5 12. h3 Bf6 13. Be3 Bg7 14. Qd2 exd4 15. Nxd4 Nc5 16. Rad1 Bb7 17. Bh6 Rad8 18. Bxg7 Nxg7 19. Qf4 Nce6 20. Qg4 Nxd4 21. Rxd4 Qe7 22. Red1 Ne6 23. R4d2 Kg7 24. Qg3 Nc5 25. Rxd6 Rxd6 26. Qxd6 Re8 27. Qxe7 Rxe7 28. f3 a5 29. Kf2 Na6 30. Rd6 Nb4 31. Bb3 Bc8 32. Na2 Be6 33.
Nxb4 axb4 34. Rxc6 Bxb3 35. cxb3 Rd7 36. Ke2 Rb7 37. Kd3 Rd7+ 38. Kc2 Rb7 39. Rc4 Kf6 40.
Rxb4 Ke5 41. Rb5+ Kf4 42. Kb1 Kg3 43. a5 Kxg2 44. a6 Ra7 45. Rxb6 Kxh3 46. b4 Kg3 47. b5 h5 48. Rb7 Ra8 49. Rxf7 h4 50. Rg7 h3 51. Rxg6+ Kxf3 52. Rh6 Kxe4 53. Rxh3 Kd5 54. Rc3 Kd6 55. Ka2 Kd5 56. Ka3 Kd6 57. Ka4 Kd5 58.
Ka5 Kd6 59. b6 Kd5 60. b7 Kd6 61. bxa8=Q 1-0

[Event "Late-Titled-Tuesday-Blitz-January-16-2024"]
[Site "Chess.com"]
[Date "2024.01.16"]
[Round "1"]
[White "PawnEatingZombie"]
[Black "Mackster23"]
[Result "0-1"]
[WhiteElo "2158"]
[BlackElo "2562"]
[TimeControl "180+1"]
[EndTime "14:07:51 PST"]
[Termination "Mackster23 won by resignation"]

1. e4 c5 2. c3 e6 3. d4 d5 4. exd5 exd5 5. Bb5+ Nc6 6. Nf3 Nf6 7. O-O cxd4 8.
Nxd4 Bd7 9. Re1+ Be7 10. Qe2 Nxd4 11. cxd4 Bxb5 12. Qxb5+ Qd7 13. Qxd7+ Kxd7 14. Nc3 Bb4 15. Be3 Bxc3 16. bxc3 Rhc8 17. Rec1 Rc4 18. Kf1 Ne4 19. Rab1 b6 20. Rb3 Rac8 21. Ra3 a5 22. Rb3 R8c6 23.
Ke1 Nxc3 24. Rc2 b5 25. Rcxc3 Rxc3 26. Rxb5 Ra3 27. Rxd5+ Rd6 28. Rb5 Rxa2 29. g3 a4 30. Ra5 Rb6 31. Kf1 Rb3 32. Ra7+ Ke6 33. Ra6+ Kf5 34. d5 Rd3 35. d6 Ke6 36. Bf4 f6 37. h4 Rd5 38. g4 Rd4 39. Bg3 Rad2 40. Ra7 R2d3 41. Re7+ Kd5 42. Rxg7 Kc4 43. Rxh7 a3 44.
Ra7 Kb3 45. h5 a2 46. Rxa2 Kxa2 47. h6 Rxd6 48. Bxd6 Rxd6 49. f4 Rd4 50. Kg2 Rxf4 51. Kg3 Ra4 52. Kh4 Ra5 53. h7 Ra7 54. Kh5 Rxh7+ 55. Kg6 Rh4 56. Kf5 Kb3 0-1

[Event "Late-Titled-Tuesday-Blitz-January-16-2024"]
[Site "Chess.com"]
[Date "2024.01.16"]
[Round "1"]
[White "MidnightFox"]
[Black "AntonSmirnov"]
[Result "0-1"]
[WhiteElo "2497"]
[BlackElo "2920"]
[TimeControl "180+1"]
[EndTime "14:07:53 PST"]
[Termination "AntonSmirnov won on time"]

1. d4 d5 2. c4 c6 3. Nf3 Nf6 4. Nc3 dxc4 5. e4 b5 6. e5 Nd5 7. a4 e6 8. axb5 Nxc3 9. bxc3 cxb5 10. Ng5 Qd7 11. Be2 Bb7 12. Bf3 h6 13. Bxb7 Qxb7 14.
Qh5 g6 15. Qh3 Be7 16. Nxe6 fxe6 17. Qxe6 Qc6 18. Qg4 h5 19. Qg3 Nd7 20. O-O Nb6 21. Bg5 h4 22. Qg4 h3 23. gxh3 Bxg5 24. Qxg5 Qe6 25.
f4 Rh5 26. Qg2 a5 27. Rab1 b4 28. cxb4 a4 29. Rbd1 Nd5 30. Rf3 a3 31. Ra1 Rh7 32.
Rfxa3 Rxa3 33. Rxa3 Rc7 34. Ra5 Ne7 35. d5 Qb6+ 36. Kh1 c3 37. Qc2 Qe3 38. Ra1 Qf3+ 39. Kg1 Qe3+ 40. Kh1 Rc4 41. d6 Qf3+ 42. Kg1 Qe3+ 43.
Kh1 Qf3+ 44. Kg1 Nf5 45. Qa4+ Qc6 46. Qxc6+ Rxc6 47. Rc1 Nd4 48. Kf2 c2 49. Ke3 Nb3 0-1